Map: Catalyst LE

Players

GOStephano (Stephano)

  • Race: Zerg Zerg
  • League: Master
  • Spawn Location: 5:00

Lambo - Winner!

  • Race: Zerg Zerg
  • League: Master
  • Spawn Location: 11:00

Event: HomeStory Cup XVII

VOD

Have the link to the VOD?

Description

Time

  • Played on: July 1, 2018, 10:17 a.m.
  • Length: 9:23

All games in this series

Show
View Real Time Build Order
Export as new Build Order

GOStephano Zerg 

Build Orders: Hatch First 

Get SALT Encoding   

  12  0:01  Drone  
  13  0:13  Overlord  
  13  0:18  Drone  
  14  0:31  Drone x2  
  16  0:49  Hatchery  
  15  0:51  Drone  
  15  0:55  Drone  
  17  0:59  Drone  
  18  1:08  Extractor  
  17  1:15  Spawning Pool  
  17  1:17  Drone  
  17  1:21  Drone  
  18  1:28  Drone  
  19  1:39  Drone  
  20  1:50  Drone  
  21  2:01  Queen x2  
  21  2:02  Zergling x2  
  21  2:03  Overlord  
  26  2:11  Drone  
  26  2:12  Metabolic Boost  
  26  2:13  Drone  
  28  2:22  Drone  
  29  2:23  Drone  
  30  2:35  Hatchery  
  29  2:41  Queen  
  31  2:52  Baneling Nest  
  31  2:58  Drone x2  
  32  2:59  Drone  
  32  3:02  Zergling x4  
  32  3:04  Overlord  
  35  3:09  Overlord  
  35  3:13  Zergling x2  
  36  3:23  Zergling x6  
  36  3:24  Drone x2  
  41  3:35  Drone x3  
  41  3:37  Baneling  
  44  3:49  Drone x6  
  50  3:58  Zergling x10  
  54  4:09  Overlord  
  52  4:13  Overlord  
  51  4:19  Drone  
  51  4:20  Hatchery  
  51  4:23  Evolution Chamber  
  51  4:24  Extractor  
  49  4:26  Baneling x2  
  49  4:27  Drone x5  
  49  4:29  Drone  
  55  4:34  Drone x2  
  57  4:44  Zergling x2  
  56  4:49  Extractor  
  56  4:50  Roach Warren  
  56  4:52  Zerg Missile Weapons Level 1  
  54  4:58  Zergling x6  
  54  4:59  Overlord  
  57  5:00  Drone x2  
  58  5:14  Baneling x2  
  58  5:15  Lair  
  58  5:16  Drone x4  
  61  5:30  Drone x5  
  62  5:43  Zergling x2  
  62  5:44  Zergling x8  
  62  5:45  Roach x2  
  68  5:53  Baneling x2  
  68  5:55  Overlord x2  
  68  5:56  Drone  
  69  5:58  Extractor  
  69  5:59  Extractor  
  67  6:07  Drone x3  
  70  6:13  Drone  
  70  6:14  Glial Reconstitution  
  70  6:16  Drone x2  
  73  6:20  Overlord  
  73  6:21  Roach x2  
  73  6:25  Roach  
  79  6:28  Ravager x2  
  79  6:29  Roach x2  
  85  6:34  Roach x2  
  85  6:37  Overlord  
  85  6:39  Roach  
  97  6:40  Roach x3  
  97  6:49  Overlord  
  97  6:54  Zerg Missile Weapons Level 2  
  97  6:56  Roach x4  
  97  6:57  Overlord x2  
  105  7:08  Roach x4  
  113  7:09  Overlord x2  
  113  7:13  Hatchery  
  111  7:23  Roach x5  
  111  7:24  Roach x4  
  129  7:32  Roach x7  
  129  7:36  Roach x2  
  143  7:42  Roach  
  143  7:43  Overlord  
  145  7:49  Overlord  
  145  7:51  Extractor  
  145  7:52  Roach  
  145  7:53  Unknown  
  145  7:54  Overlord  
  145  7:57  Overlord  
  146  8:02  Ravager  
  146  8:03  Roach, Ravager x2  
  146  8:04  Overlord, Roach  
  153  8:06  Overlord  
  153  8:09  Roach x3  
  153  8:10  Roach  
  162  8:14  Roach x2  
  166  8:20  Roach x2  
  166  8:22  Overlord x2  
  170  8:28  Roach x2  
  170  8:29  Overlord  
  170  8:32  Roach  
  176  8:34  Roach  
  180  8:41  Roach x4  
  180  8:44  Ravager x3  
  180  8:45  Ravager  
  180  8:46  Roach  
  192  8:49  Roach  
  192  8:53  Roach x2  
  192  8:54  Roach  
Show
View Real Time Build Order
Export as new Build Order

Lambo Zerg - Winner!

Build Orders: Hatch First, Zergling Baneling 

Get SALT Encoding   

  12  0:01  Drone  
  13  0:12  Overlord  
  13  0:17  Drone  
  14  0:30  Drone x2  
  16  0:47  Hatchery  
  15  0:51  Drone  
  15  0:55  Drone  
  17  0:58  Drone  
  18  1:05  Extractor  
  17  1:13  Spawning Pool  
  17  1:17  Drone  
  17  1:21  Drone  
  18  1:30  Drone  
  19  1:39  Drone  
  20  1:49  Overlord  
  20  2:00  Queen x2  
  24  2:01  Drone  
  24  2:02  Drone  
  24  2:07  Metabolic Boost  
  26  2:11  Drone  
  26  2:13  Zergling x2  
  28  2:22  Drone x2  
  30  2:36  Hatchery  
  29  2:38  Zergling x2  
  30  2:46  Baneling Nest, Zergling x2  
  30  2:51  Drone  
  30  2:58  Overlord  
  31  2:59  Drone x2  
  33  3:11  Zergling x6  
  36  3:14  Overlord  
  36  3:16  Zergling x4  
  36  3:19  Zergling x2  
  40  3:20  Zergling x2  
  40  3:26  Overlord, Zergling x2  
  41  3:31  Baneling x2  
  41  3:32  Baneling x2  
  40  3:34  Drone  
  40  3:35  Drone  
  40  3:41  Zergling x2  
  43  3:47  Baneling x2  
  43  3:49  Drone x2  
  43  3:52  Drone  
  43  3:53  Drone x2  
  43  3:54  Drone  
  49  3:58  Drone  
  47  4:04  Drone x2  
  47  4:06  Zergling x2  
  46  4:12  Zergling x6  
  48  4:18  Zergling x2  
  48  4:20  Evolution Chamber  
  48  4:23  Zergling x4  
  48  4:24  Queen  
  50  4:25  Queen  
  50  4:26  Baneling  
  50  4:28  Baneling  
  50  4:29  Baneling  
  53  4:32  Zergling x6  
  54  4:46  Drone x4  
  54  4:49  Drone x2  
  54  4:52  Extractor  
  59  4:53  Extractor, Drone x3  
  59  4:55  Drone, Roach Warren  
  61  5:02  Drone x2  
  61  5:04  Drone  
  64  5:07  Baneling x2  
  64  5:08  Drone  
  64  5:12  Drone  
  66  5:17  Overlord  
  66  5:18  Overlord  
  66  5:22  Overlord  
  65  5:32  Overlord  
  64  5:38  Drone x3  
  62  5:44  Roach  
  62  5:45  Roach x9  
  62  5:46  Drone  
  62  5:48  Drone  
  62  5:49  Overlord  
  81  5:52  Drone x2  
  81  5:54  Extractor  
  81  5:55  Zerg Missile Weapons Level 1  
  82  6:00  Drone x2  
  84  6:04  Drone  
  84  6:10  Lair  
  84  6:11  Drone x3  
  87  6:17  Drone x3  
  91  6:19  Drone x5  
  91  6:21  Extractor, Drone x2  
  97  6:33  Overlord  
  97  6:35  Extractor  
  97  6:38  Hatchery  
  97  6:39  Overlord  
  95  6:43  Roach  
  97  6:48  Overlord  
  97  6:54  Overlord  
  97  6:55  Drone  
  97  6:58  Roach x5, Evolution Chamber  
  107  7:02  Roach x3  
  107  7:05  Drone  
  114  7:10  Roach  
  114  7:11  Roach x2  
  120  7:16  Drone  
  120  7:19  Roach x3  
  120  7:20  Roach  
  128  7:24  Overlord  
  128  7:33  Hatchery  
  128  7:35  Glial Reconstitution  
  128  7:36  Overlord  
  127  7:37  Overseer  
  127  7:38  Overlord x2  
  127  7:41  Overlord  
  127  7:44  Overlord  
  127  7:45  Ravager x4  
  127  7:46  Roach x3  
  127  7:50  Overlord x2  
  137  7:57  Overlord  
  137  7:59  Overlord  
  137  8:00  Overlord, Ravager  
  137  8:03  Roach x5  
  137  8:05  Roach  
  150  8:07  Roach  
  150  8:09  Overlord  
  152  8:14  Roach x3  
  152  8:18  Pneumatized Carapace  
  158  8:21  Roach x3  
  164  8:27  Roach x3  
  164  8:28  Ravager x2  
  164  8:31  Ravager  
  173  8:35  Roach x3  
  173  8:39  Roach x2  
  183  8:42  Overlord  
  183  8:43  Roach  
  183  8:44  Roach  
  183  8:48  Roach x2  
  191  8:52  Roach x2  
  195  8:56  Roach x2  
Tags
 
Add a new tag
Caveats
  • Supply blocks, unpowered buildings, or Contaminate may cause inaccurate times.
  • Supply counts are checked every 10 seconds.